 Dungeon Crawl Stone Soup version 0.24-a0-258-gb86c0f735e (webtiles) character file.

Game seed: 3313272795101552638

6024 Azzok the Magician (level 10, -4/111 HPs)
             Began as a Gnoll Earth Elementalist on Apr 19, 2019.
             Killed from afar by a gargoyle (9 damage)
             ... with a stone arrow
             ... on level 11 of the Dungeon.
             The game lasted 00:15:54 (13897 turns).

Azzok the Magician (Gnoll Earth Elementalist)      Turns: 13897, Time: 00:15:54

Health: -4/111     AC: 32    Str: 10    XL:     10   Next: 86%
Magic:  0/21       EV:  2    Int: 21    God:
Gold:   181        SH:  6    Dex: 16    Spells: 11/24 levels left

rFire    . . .     SeeInvis .   v - +4 flail (protect)
rCold    + . .     Gourm    .   i - +0 buckler
rNeg     + + +     Faith    .   (armour currently unavailable)
rPois    +         Spirit   .   (helmet currently unavailable)
rElec    .         Reflect  .   (cloak currently unavailable)
rCorr    .         Harm     .   (gloves currently unavailable)
MR       .....     NoTele   +   (boots currently unavailable)
Stlth    ++++......             (no amulet)
HPRegen  0.28/turn              E - ring of protection from cold
MPRegen  0.17/turn              (no ring)

@: tree-form, protection aura
A: distributed training, strong nose
a: no special abilities


You were on level 11 of the Dungeon.
You were not hungry.
You were a tree.
You visited 2 branches of the dungeon, and saw 11 of its levels.

You collected 523 gold pieces.
You spent 342 gold pieces at shops.

Inventory:

Hand Weapons
 v - a +4 flail of protection (weapon)
 w - a +4 quarterstaff of chaos
 D - a +5 long sword
Missiles
 b - 182 stones (quivered)
 N - a throwing net
Armour
 g - the +1 ring mail "Hoqa Mea" {rPois Regen+}
   (You found it on level 7 of the Dungeon)

   It protects you from poison.
   It increases your rate of regeneration.
 i - a +0 buckler (worn)
 p - a +0 pair of gloves (melded)
 q - a +0 cloak (melded)
 u - a +2 robe of magic resistance (melded)
Jewellery
 E - a ring of protection from cold (left branch)
Wands
 r - a wand of acid (3)
 B - a wand of paralysis (6)
 C - a wand of enslavement (10)
 G - a wand of iceblast (9)
 M - a wand of disintegration (9)
Scrolls
 f - a scroll of fear {unknown}
 h - 6 scrolls of remove curse
 j - 5 scrolls of amnesia {unknown}
 l - 2 scrolls of enchant weapon {unknown}
 n - 3 scrolls of teleportation
 o - 3 scrolls of enchant armour
 y - 3 scrolls of fog
 F - 2 scrolls of blinking {unknown}
 J - 2 scrolls of magic mapping
 K - 2 scrolls of holy word
 L - a scroll of silence {unknown}
Potions
 a - 3 potions of flight
 e - 4 potions of resistance
 k - a potion of berserk rage
 m - 3 potions of brilliance
 s - 2 potions of haste
 x - a potion of mutation {unknown}
 z - 2 potions of cancellation
 A - 3 potions of curing
 H - 3 potions of might {unknown}
Comestibles
 d - 15 rations


   Skills:
 + Level 5.5 Fighting
 + Level 5.5 Short Blades
 + Level 5.5 Long Blades
 + Level 5.5 Axes
 + Level 5.5 Maces & Flails
 + Level 5.5 Polearms
 + Level 5.5 Staves
 + Level 5.5 Slings
 + Level 5.5 Bows
 + Level 5.5 Crossbows
 + Level 5.5 Throwing
 + Level 5.5 Armour
 + Level 7.3 Dodging
 + Level 7.0 Stealth
 + Level 5.5 Shields
 + Level 5.5 Unarmed Combat
 + Level 7.6 Spellcasting
 + Level 4.6 Conjurations
 + Level 4.6 Hexes
 + Level 4.6 Charms
 + Level 4.6 Summonings
 + Level 4.6 Necromancy
 + Level 4.6 Translocations
 + Level 5.1 Transmutations
 + Level 4.6 Fire Magic
 + Level 4.6 Ice Magic
 + Level 4.6 Air Magic
 + Level 7.2 Earth Magic
 + Level 4.6 Poison Magic
 + Level 6.1 Invocations
 + Level 5.5 Evocations


You had 11 spell levels left.
You knew the following spells:

 Your Spells              Type           Power        Failure   Level  Hunger
a - Sandblast             Erth           #####.       1%          1    None
b - Stone Arrow           Conj/Erth      ####..       2%          3    None
c - Petrify               Tmut/Erth      ####....     6%          4    ###....
d - Lee's Rapid Deconstr  Erth           #####.....   12%         5    #####..

Your spell library contained the following spells:

 Spells                   Type           Power        Failure   Level  Hunger
 Passwall                 Tmut/Erth      ####....     1%          2    None


Dungeon Overview and Level Annotations

Branches:
Dungeon (9/15)             Temple (1/1) D:4
   Lair: D:8-11         Orc: D:9-12

Altars:
Ashenzari
Cheibriados
Dithmenos
Elyvilon
Fedhas
Gozag
Hepliaklqana
Kikubaaqudgha
Makhleb
Nemelex Xobeh
Okawaru
Qazlal
Ru
Sif Muna
Trog
Uskayaw
Wu Jian
Xom
Yredelemnul
Zin
The Shining One

Shops:
D:7 ?


Innate Abilities, Weirdness & Mutations

Your experience applies equally to all skills.
((You have very sharp teeth.))
Your uncanny sense of smell can sniff out nearby items.


Message History

The gargoyle is moderately damaged.
b - 182 stones
* * * LOW MAGIC WARNING * * *
The gargoyle hits you with a +0 mace.
* * * LOW HITPOINT WARNING * * *
Casting: Sandblast (safe; 1% risk of failure)
Confirm with . or Enter, or press ? or * to list all spells.
You don't have enough magic to cast that spell.
You sock the gargoyle!
Your weapon exudes an aura of protection.
The gargoyle is severely damaged.
The gargoyle hurls a stone arrow at you.
The stone arrow hits you!
* * * LOW HITPOINT WARNING * * *
You barely miss the gargoyle.
The gargoyle is severely damaged.
The gnoll sergeant hits you but does no damage.
The gargoyle hurls a stone arrow at you.
The stone arrow hits you!
You die...

▒▒▒▒··▒ ▒
▒·····▒ ▒··
▒·▒▒·····▒
··
······_··▒
▒▒·▒▒▒▒
·?·····†·▒
·······
·········
·······
········▒
·······
▒·▒▒▒5······
∆
▒((♣9c)·····
∆ ∆
▒▒▒▒▒g······
·······
▒▒▒▒▒▒▒


You could see a gargoyle, a gnoll sergeant, a centaur and a shadow imp.

Vanquished Creatures
  A queen bee (D:9)
  A hippogriff (D:11)
  Sigmund (D:3)
  Edmund (D:4)
  Duvessa (D:4)
  A water moccasin (D:8)
  4 orc warriors
  3 sky beasts
  3 black bears
  A phantom (D:5)
  3 ogres
  6 centaurs
  Blork the orc (D:4)
  A bullfrog (D:9)
  Dowan (D:4)
  3 scorpions
  25 killer bees
  12 wights
  A howler monkey (D:11)
  2 crimson imps
  A bullfrog zombie (D:7)
  A centaur zombie (D:7)
  4 hounds
  Crazy Yiuf (D:4)
  7 orc priests
  2 centaur skeletons
  4 bullfrog skeletons
  5 orc wizards
  An iguana (D:11)
  7 worker ants
  2 killer bee zombies
  14 gnolls
  A howler monkey skeleton (D:7)
  11 adders
  4 shadow imps
  An adder zombie (D:5)
  2 adder skeletons
  3 worms (D:2)
  7 leopard geckos
  45 orcs
  7 bats
  7 giant cockroaches
  2 goblins (D:1)
  10 hobgoblins
  12 jackals
  3 kobolds
  9 quokkas
  2 ball pythons (D:4)
  2 frilled lizards
  A leopard gecko skeleton (D:5)
  A leopard gecko zombie (D:5)
  A quokka skeleton (D:6)
  8 rats
260 creatures vanquished.

Vanquished Creatures (others)
  An adder (D:11)
1 creature vanquished.

Grand Total: 261 creatures vanquished

Notes
Turn   | Place    | Note
-------+----------+-------------------------------------------
     0 | D:1      | Azzok the Gnoll Earth Elementalist began the quest for the
                  | Orb.
     0 | D:1      | Reached XP level 1. HP: 13/13 MP: 6/6
   300 | D:1      | Reached XP level 2. HP: 19/19 MP: 5/7
  1041 | D:1      | Reached XP level 3. HP: 17/25 MP: 7/9
  1264 | D:2      | Reached skill level 5 in Spellcasting
  2002 | D:2      | Found a hide-covered altar of Uskayaw.
  2011 | D:2      | Reached skill level 1 in Invocations
  2036 | D:2      | Learned a level 3 spell: Stone Arrow
  2291 | D:2      | Found a shattered altar of Ashenzari.
  2652 | D:3      | Reached skill level 1 in Fighting
  2652 | D:3      | Reached skill level 1 in Short Blades
  2652 | D:3      | Reached skill level 1 in Long Blades
  2652 | D:3      | Reached skill level 1 in Axes
  2652 | D:3      | Reached skill level 1 in Maces & Flails
  2652 | D:3      | Reached skill level 1 in Polearms
  2652 | D:3      | Reached skill level 1 in Staves
  2652 | D:3      | Reached skill level 1 in Slings
  2652 | D:3      | Reached skill level 1 in Bows
  2652 | D:3      | Reached skill level 1 in Crossbows
  2652 | D:3      | Reached skill level 1 in Throwing
  2652 | D:3      | Reached skill level 1 in Armour
  2652 | D:3      | Reached skill level 1 in Shields
  2652 | D:3      | Reached skill level 1 in Unarmed Combat
  2652 | D:3      | Reached skill level 1 in Evocations
  2687 | D:3      | Reached XP level 4. HP: 11/32 MP: 0/11
  3304 | D:3      | Noticed Sigmund
  3316 | D:3      | Killed Sigmund
  3316 | D:3      | Reached skill level 1 in Conjurations
  3316 | D:3      | Reached skill level 1 in Hexes
  3316 | D:3      | Reached skill level 1 in Charms
  3316 | D:3      | Reached skill level 1 in Summonings
  3316 | D:3      | Reached skill level 1 in Necromancy
  3316 | D:3      | Reached skill level 1 in Translocations
  3316 | D:3      | Reached skill level 1 in Fire Magic
  3316 | D:3      | Reached skill level 1 in Ice Magic
  3316 | D:3      | Reached skill level 1 in Air Magic
  3316 | D:3      | Reached skill level 1 in Poison Magic
  3316 | D:3      | Reached XP level 5. HP: 38/38 MP: 2/12
  3316 | D:3      | Reached XP level 6. HP: 44/44 MP: 2/13
  3848 | D:4      | Found a runed translucent door.
  3849 | D:4      | Noticed Crazy Yiuf
  4009 | D:4      | Reached skill level 5 in Dodging
  4079 | D:4      | Learned a level 4 spell: Petrify
  4085 | D:4      | Learned a level 5 spell: Lee's Rapid Deconstruction
  4568 | D:4      | Noticed Blork the orc
  4572 | D:4      | Killed Blork the orc
  4573 | D:4      | Noticed Duvessa
  4584 | D:4      | Noticed Dowan
  4587 | D:4      | Noticed Edmund
  4591 | D:3      | Reached XP level 7. HP: 40/50 MP: 1/15
  4837 | D:4      | Killed Edmund
  4837 | D:4      | Killed Duvessa
  4855 | D:4      | Killed Dowan
  4855 | D:4      | Reached skill level 5 in Stealth
  5248 | D:4      | Found a staircase to the Ecumenical Temple.
  5262 | Temple   | Entered the Ecumenical Temple
  5552 | D:4      | Killed Crazy Yiuf
  5675 | D:5      | Entered Level 5 of the Dungeon
  5711 | D:5      | Reached XP level 8. HP: 57/57 MP: 1/16
  5901 | D:5      | Found an iron altar of Okawaru.
  5901 | D:5      | Found a stormy altar of Qazlal.
  5901 | D:5      | Found a glowing golden altar of the Shining One.
  6004 | D:5      | Found an opulent altar of Gozag.
  6924 | D:5      | You fall through a shaft!
  7565 | D:6      | Found a shadowy altar of Dithmenos.
  7716 | D:6      | Reached XP level 9. HP: 65/65 MP: 8/18
  9281 | D:7      | Got a warped ring mail
  9314 | D:7      | Found Pomuor's Magic Scroll Shoppe.
  9495 | D:7      | Bought a scroll of remove curse for 36 gold pieces
  9495 | D:7      | Bought a scroll of identify for 24 gold pieces
  9495 | D:7      | Bought a scroll of magic mapping for 42 gold pieces
  9495 | D:7      | Bought a scroll of teleportation for 36 gold pieces
  9495 | D:7      | Bought a scroll of fog for 24 gold pieces
  9495 | D:7      | Bought a scroll of enchant armour for 90 gold pieces
  9495 | D:7      | Bought a scroll of holy word for 90 gold pieces
  9495 | D:7      | Identified the +1 ring mail "Hoqa Mea" {rPois Regen+} (You
                  | found it on level 7 of the Dungeon)
 10881 | D:8      | Reached skill level 5 in Invocations
 11267 | D:8      | Reached XP level 10. HP: 73/73 MP: 1/20
 12714 | D:9      | Reached skill level 5 in Fighting
 12714 | D:9      | Reached skill level 5 in Short Blades
 12714 | D:9      | Reached skill level 5 in Long Blades
 12714 | D:9      | Reached skill level 5 in Axes
 12714 | D:9      | Reached skill level 5 in Maces & Flails
 12714 | D:9      | Reached skill level 5 in Polearms
 12714 | D:9      | Reached skill level 5 in Staves
 12714 | D:9      | Reached skill level 5 in Slings
 12714 | D:9      | Reached skill level 5 in Bows
 12714 | D:9      | Reached skill level 5 in Crossbows
 12714 | D:9      | Reached skill level 5 in Throwing
 12714 | D:9      | Reached skill level 5 in Armour
 12714 | D:9      | Reached skill level 5 in Shields
 12714 | D:9      | Reached skill level 5 in Unarmed Combat
 12714 | D:9      | Reached skill level 5 in Evocations
 13593 | D:9      | Reached skill level 5 in Transmutations
 13847 | D:9      | You fall through a shaft for 2 floors!
 13847 | D:11     | Found a shimmering altar of Xom.
 13867 | D:11     | Noticed a gargoyle
 13896 | D:11     | HP: 4/111 [gargoyle/stone arrow (17)]
 13897 | D:11     | Killed from afar by a gargoyle

Levels and vault maps discovered:
D:1:      wander_arrival_abandoned_jail, layout_loops_ring, st_stairs_9
D:2:      layout_rooms, eat_drink_and_be_merry_uskayaw, first_ration,
          evilmike_ruin_ashenzari
D:3:      layout_basic, uniq_sigmund
D:4:      layout_loops_ring, minmay_temple_entry_enclosed_plants,
          uniq_blork_the_orc, uniq_duvessa, uniq_crazy_yiuf_cottage, uniq_edmund
D:5:      cheibrodos_barr_body, layout_loops_ring,
          grunt_temple_overflow_cloverleaf
D:6:      layout_loops_cross, old_standard_altar
D:7:      layout_loops_corners, serial_shops, shop
D:8:      layout_layer_cave
D:9:      layout_basic, vehumet_altar_wand_db, lair_entry_dummy, david_nohive_1
D:11:     layout_roguey, basic_altar
Temple:   eino_wide_crystal_templ

Skill      XL: |  1  2  3  4  5  6  7  8  9 10 |
---------------+-------------------------------+-----
Transmutations | 2 3 4 5 |  5.1
Spellcasting   | 5 6 7 |  7.6
Invocations    | 1 2 3 4 5 6 |  6.1
Fighting       | 1 2 3 4 5 |  5.5
Short Blades   | 1 2 3 4 5 |  5.5
Long Blades    | 1 2 3 4 5 |  5.5
Axes           | 1 2 3 4 5 |  5.5
Maces & Flails | 1 2 3 4 5 |  5.5
Polearms       | 1 2 3 4 5 |  5.5
Staves         | 1 2 3 4 5 |  5.5
Slings         | 1 2 3 4 5 |  5.5
Bows           | 1 2 3 4 5 |  5.5
Crossbows      | 1 2 3 4 5 |  5.5
Throwing       | 1 2 3 4 5 |  5.5
Armour         | 1 2 3 4 5 |  5.5
Shields        | 1 2 3 4 5 |  5.5
Unarmed Combat | 1 2 3 4 5 |  5.5
Evocations     | 1 2 3 4 5 |  5.5
Conjurations   | 1 2 3 4 |  4.6
Hexes          | 1 2 3 4 |  4.6
Charms         | 1 2 3 4 |  4.6
Summonings     | 1 2 3 4 |  4.6
Necromancy     | 1 2 3 4 |  4.6
Translocations | 1 2 3 4 |  4.6
Fire Magic     | 1 2 3 4 |  4.6
Ice Magic      | 1 2 3 4 |  4.6
Air Magic      | 1 2 3 4 |  4.6
Poison Magic   | 1 2 3 4 |  4.6
Dodging        | 5 6 7 |  7.3
Stealth        | 5 6 7 |  7.0
Earth Magic    | 6 7 |  7.2

Action                   |  1- 3 |  4- 6 |  7- 9 | 10-12 || total
-------------------------+-------+-------+-------+-------++-------
Melee: Unarmed           |   180 |     1 |     8 |       ||   189
       Bite              |    19 |       |    11 |     6 ||    36
       Flail             |       |       |   133 |    39 ||   172
       Punch             |       |       |     1 |       ||     1
 Cast: Sandblast         |    21 |    19 |    18 |    67 ||   125
       Stone Arrow       |     7 |    36 |   168 |    58 ||   269
Evoke: Wand              |       |       |     3 |     1 ||     4
  Use: Scroll            |       |       |    10 |       ||    10
       Potion            |       |       |       |     2 ||     2
 Stab: Sleeping          |     2 |       |     3 |       ||     5
       Paralysed         |       |       |       |     7 ||     7
  Eat: Chunk             |     3 |     7 |    24 |     6 ||    40
       Ration            |     1 |       |       |     1 ||     2
Armor: Robe              |    40 |     2 |    54 |    22 ||   118
       Skin              |       |       |       |     2 ||     2
Dodge: Dodged            |   159 |    13 |   152 |   130 ||   454
Block: Buckler           |       |       |    22 |    45 ||    67

Table legend:
 A = Non-vault XP
 B = Vault XP
 C = Vault XP percentage of total XP
 D = Non-vault monster count
 E = Vault monster count
 F = Vault count percentage of total count
                 A         B        C        D         E       F
            +---------+---------+-------+---------+---------+-------
      Total |    6340 |    2267 |  26.3 |     227 |      33 |  12.7
            +---------+---------+-------+---------+---------+-------
        D:1 |      32 |       4 |  11.1 |      18 |       2 |  10.0
        D:2 |      33 |       0 |   0.0 |      13 |       0 |   0.0
        D:3 |     115 |     208 |  64.4 |      21 |       1 |   4.5
        D:4 |     196 |     525 |  72.8 |      21 |       5 |  19.2
        D:5 |     660 |     239 |  26.6 |      26 |       8 |  23.5
        D:6 |     953 |       0 |   0.0 |      38 |       0 |   0.0
        D:7 |     920 |       0 |   0.0 |      27 |       0 |   0.0
        D:8 |    1663 |       0 |   0.0 |      36 |       0 |   0.0
        D:9 |     845 |    1291 |  60.4 |      16 |      17 |  51.5
       D:11 |     923 |       0 |   0.0 |      11 |       0 |   0.0
            +---------+---------+-------+---------+---------+-------
